 Dungeon Crawl Stone Soup version 0.18-a0-102-gb1241f3 (webtiles) character file.

1080 Proton the Chopper (level 8, -2/73 HPs)
             Began as a Deep Dwarf Fighter on Nov 15, 2015.
             Slain by a centaur (4 damage)
             ... on level 5 of the Dungeon.
             The game lasted 00:08:45 (2755 turns).

Proton the Chopper (Deep Dwarf Fighter)             Turns: 2755, Time: 00:08:45

Health: -2/73      AC:  8    Str: 23 (26) XL:     8   Next: 8%
Magic:  17/17      EV:  6    Int:  8      God:
Gold:   289        SH: 15    Dex: 10      Spells: 0 memorised, 7 levels left

rFire  . . .     SeeInvis .     a - +0 war axe
rCold  + . .     Clarity  .     b - +0 scale mail
rNeg   . . .     SustAt   .     p - +0 large shield
rPois  .         Gourm    .     (no helmet)
rElec  .         Spirit   .     (no cloak)
rCorr  .         Warding  .     (no gloves)
rMut   .         Stasis   +     i - +0 pair of boots
MR     ++...                    v - amulet of stasis
Stlth  ..........               s - +3 ring of strength
                                q - ring of magical power

@: non-regenerating, very resistant to hostile enchantments, extremely
unstealthy
A: damage resistance, recharge devices, claws 1, clumsy 1, cold resistance 1,
magic resistance 1, sense surroundings 1, slow regeneration 3
a: Device Recharging


You were on level 5 of the Dungeon.
You were not hungry.

You visited 1 branch of the dungeon, and saw 5 of its levels.

You collected 289 gold pieces.

Inventory:

Hand Weapons
 a - a +0 war axe (weapon)
Armour
 b - a +0 scale mail (worn)
 c - a +0 plate armour
 i - a +0 pair of boots (worn)
 p - a +0 large shield (worn)
Jewellery
 q - a ring of magical power (left claw)
 s - a +3 ring of strength (right claw)
 v - an amulet of stasis (around neck)
Wands
 e - a wand of heal wounds (0)
Scrolls
 k - a scroll of teleportation
 l - 2 scrolls of identify
 m - a scroll of remove curse
 t - a scroll of immolation
Potions
 d - 2 potions of might
 g - 2 potions of degeneration
 h - 2 potions of resistance {unknown}
 n - 2 potions of curing {unknown}
Comestibles
 f - 4 bread rations
 j - 3 meat rations
 w - a royal jelly
 x - a beef jerky


   Skills:
 + Level 4.8 Fighting
 * Level 6.8 Axes
 + Level 5.7 Armour
 + Level 5.5 Shields


You had 7 spell levels left.
You didn't know any spells.

Dungeon Overview and Level Annotations

Branches:
Dungeon (5/15)
 Temple: D:4-7

Altars:
Okawaru


Innate Abilities, Weirdness & Mutations

You are resistant to damage.
You can recharge devices by infusing magical energy.
You passively map a small area around you.
You do not regenerate naturally.
You have sharp fingernails.
You are clumsy. (Dex -2)
Your flesh is cold resistant.
You are resistant to hostile enchantments.


Message History

You feel weakened. Why would you want to do that?
Unknown command.
Drink which item? (? for menu, Esc to quit)
Why would you want to do that?
You see here 10 stones.
Found 13 gold pieces.
Found an iron altar of Okawaru.
Found a plate armour.
You see here a ring mail.
A worm comes into view.
A centaur comes into view.
The centaur moves out of view.
You see here a plate armour.
c - a plate armour You block the centaur's attack.
The centaur hits you but does no damage.
You hit the centaur.
The centaur is moderately wounded.
The centaur hits you.
You die...

#......... ,
#[.#...♣...#.
#.....♣.♣....
#....♣.♣.♣..
*
#...♣.♣w♣.♣,
* #..♣.♣._.♣,
#...♣.♣.♣ *
##...♣c♣. , *
#...@♣.♣,
#.#...♣. ,
#........ ,
####.#..#..*
#.##.# , ,
#.# .#, #..,
., * ### .. ,
*


You could see a centaur.

Vanquished Creatures
  The ghost of Proton the Covered, an amateur DDFi (D:4)
  Menkaure (D:5)
  Duvessa (D:4)
  2 ogres (D:4)
  Dowan (D:4)
  A gnoll sergeant (D:4)
  A scorpion (D:4)
  An orc priest (D:4)
  A crimson imp (D:3)
  A jelly (D:4)
  A giant frog skeleton (D:5)
  2 orc wizards (D:4)
  An iguana (D:4)
  5 adders
  9 gnolls
  An adder zombie (D:5)
  3 worms
  2 orcs
  5 bats
  3 giant cockroaches
  5 goblins
  9 hobgoblins
  6 jackals (D:2)
  2 quokkas (D:4)
  2 ball pythons
  5 giant newts
  7 kobolds
  4 rats (D:1)
83 creatures vanquished.

Notes
Turn   | Place    | Note
--------------------------------------------------------------
     0 | D:1      | Proton the Deep Dwarf Fighter began the quest for the Orb.
     0 | D:1      | Reached XP level 1. HP: 20/20 MP: 1/1
   176 | D:1      | Reached XP level 2. HP: 27/27 MP: 2/2
   640 | D:2      | Reached XP level 3. HP: 14/33 MP: 3/3
   798 | D:2      | Reached XP level 4. HP: 9/42 MP: 4/4
  1160 | D:3      | Reached skill level 4 in Axes
  1235 | D:3      | Reached XP level 5. HP: 16/49 MP: 5/5
  1811 | D:4      | Reached XP level 6. HP: 6/57 MP: 6/6
  1990 | D:4      | Reached skill level 5 in Axes
  2096 | D:4      | Reached XP level 7. HP: 17/64 MP: 7/7
  2166 | D:4      | Noticed Duvessa
  2167 | D:4      | Noticed Proton's ghost (amateur DDFi)
  2187 | D:4      | Killed Duvessa
  2187 | D:4      | Reached skill level 5 in Shields
  2199 | D:4      | Noticed Dowan
  2221 | D:4      | Killed Dowan
  2221 | D:4      | Reached skill level 5 in Armour
  2231 | D:4      | Killed Proton's ghost
  2231 | D:4      | Reached skill level 6 in Axes
  2582 | D:5      | Entered Level 5 of the Dungeon
  2702 | D:5      | Noticed Menkaure
  2712 | D:5      | HP: 2/66 [Menkaure (8)]
  2714 | D:5      | Killed Menkaure
  2714 | D:5      | Reached XP level 8. HP: 2/73 MP: 8/8
  2729 | D:5      | Gained mutation: You have sharp fingernails. [potion of mutation]
  2729 | D:5      | Gained mutation: You are resistant to hostile enchantments. [potion of mutation]
  2729 | D:5      | Gained mutation: Your flesh is cold resistant. [potion of mutation]
  2730 | D:5      | Gained mutation: Your mind is acute. (Int +2) [potion of mutation]
  2730 | D:5      | Gained mutation: You are clumsy. (Dex -2) [potion of mutation]
  2730 | D:5      | Lost mutation: Your mind is acute. (Int +2) [potion of mutation]
  2744 | D:5      | Found an iron altar of Okawaru.
  2755 | D:5      | Slain by a centaur

Vault maps used:
D:1:      lightli_arrival_isolated_outpost, roderic_roman_lattice
D:2:      first_bread
D:3:      grunt_ministairs_10
D:4:      minmay_door_path, lemuel_flame_loot_1, uniq_duvessa
D:5:      okawaru_trees_2, uniq_menkaure

Action                   |  1- 3 |  4- 6 |  7- 9 || total
-------------------------+-------+-------+-------++-------
Melee: War axe           |    89 |   162 |    96 ||   347
Evoke: Wand              |       |     4 |     4 ||     8
  Use: Scroll            |       |       |     7 ||     7
       Potion            |       |       |     3 ||     3
  Eat: Pizza             |       |     1 |       ||     1
       Meat ration       |       |     1 |       ||     1
